 Dungeon Crawl Stone Soup version 0.30-b1-2-g02819fbbbe (webtiles) character file.

Game seed: 16593287954384035092

287 Maffolandro the Charlatan (level 6, 0/44 HPs)
             Began as a Human Wanderer on Dec 23, 2023.
             Slain by an orc
             ... wielding a +0 whip
              (2 damage)
             ... on level 4 of the Dungeon.
             The game lasted 00:13:55 (4919 turns).

Maffolandro the Charlatan (Human Wanderer)          Turns: 4919, Time: 00:13:55

Health: 0/44       AC:  2    Str: 12    XL:     6   Next: 56%
Magic:  0/9        EV: 11    Int: 13    God:
Gold:   192        SH:  5    Dex: 14    Spells: 6/10 levels left

rFire   . . .        a - +2 rapier (vamp)
rCold   . . .        (no shield)
rNeg    . . .        d - +0 robe
rPois   .            (no helmet)
rElec   .            (no cloak)
rCorr   .            (no gloves)
SInv    .            (no boots)
Will    .....        i - amulet of reflection
Stlth   +            f - ring of flight
HPRegen 0.27/turn    (no ring)
MPRegen 0.11/turn

%: reflection
@: flying, very slightly contaminated
A: no striking features
a: no special abilities


You were on level 4 of the Dungeon.
You visited 1 branch of the dungeon, and saw 4 of its levels.

You collected 192 gold pieces.

Inventory:

Hand Weapons
 a - a +2 vampiric rapier (weapon)
 b - a +0 quarterstaff
 z - a +0 dagger
Missiles
 n - 17 poisoned darts
Armour
 d - a +0 robe (worn)
 r - a +0 buckler
Jewellery
 f - a ring of flight (left hand)
 i - an amulet of reflection (around neck)
 j - an amulet of magic regeneration
Wands
 w - a wand of charming (9)
Scrolls
 h - a scroll of enchant armour {unknown}
 l - a scroll of silence {unknown}
 m - a scroll of fear {unknown}
 p - a scroll of amnesia {unknown}
 s - 2 scrolls of identify {unknown}
 t - a scroll of brand weapon {unknown}
 u - a scroll of fog {unknown}
 x - 3 scrolls of enchant weapon {unknown}
 y - a scroll of immolation {unknown}
 A - 2 scrolls of acquirement {unknown}
 B - a scroll of torment {unknown}
Potions
 c - a potion of berserk rage
 g - 2 potions of mutation {unknown}
 k - a potion of lignification {unknown}
 o - 2 potions of attraction {unknown}
 q - a potion of might {unknown}
 v - a potion of haste {unknown}
Miscellaneous
 e - a condenser vane


   Skills:
 + Level 2.1 Fighting
 - Level 2.0 Shields
 + Level 2.6 Spellcasting
 * Level 5.0 Conjurations
 - Level 5.0 Evocations


You had 6 spell levels left.
You knew the following spells:

 Your Spells              Type           Power      Damage    Failure   Level
a - Foxfire               Conj/Fire      32%        2x1d5     9%          1
b - Mephitic Cloud        Conj/Pois/Air  6%         N/A       34%         3

Your spell library contained the following spells:

 Spells                   Type           Power      Damage    Failure   Level


Dungeon Overview and Level Annotations

Branches:
Dungeon (4/15)
 Temple: D:4-7

Altars:
Qazlal
Wu Jian

Shops:
D:1 (


Message History

The orc priest closely misses you.
Unknown command.
You hit the orc priest.
You feel better.
The orc priest is heavily wounded.
The foxfire hits the orc priest.
The orc priest is severely wounded.
The orc priest hits you with a +0 dagger.
The orc hits you with a +0 whip. The orc misses you.
The orc priest hits you with a +0 dagger.
The orc hits you with a +0 whip.
Unknown command.
You hit the orc priest but do no damage.
The orc priest is severely wounded.
The orc barely misses you.
The orc priest hits you with a +0 dagger.
The orc hits you with a +0 whip.
Unknown command.
You closely miss the orc priest.
The orc priest is severely wounded.
The orc barely misses you. x2; The orc priest completely misses you.
Unknown command.
You hit the orc priest.
You feel better.
The orc priest is severely wounded.
The orc hits you with a +0 whip.
* * * LOW HITPOINT WARNING * * *
The orc hits you with a +0 whip.
* * * LOW HITPOINT WARNING * * *
The orc priest looks braver for a moment.
You hit the orc priest.
You feel better.
The orc priest is almost dead.
The orc priest hits you with a +0 dagger.
* * * LOW HITPOINT WARNING * * *
The orc closely misses you. x2
Unknown command.
You hit the orc priest.
You kill the orc priest!
The orc hits you with a +0 whip.
* * * LOW HITPOINT WARNING * * *
The orc hits you with a +0 whip.
You die...

.....# #.#.? .... .....#
#.#.##o..# .....#
#......# ...####### #.#
.........# #.# ###
...#####.## #.## ....
..........# #).####.....
..........####.o).......
.....>....##...o@.......
...#......##.#..##......
..........##.#..##.#####
...#......††.†..##.#
...#......##.#.###.#
...#......##.#.###.#
.....#######§......##
...### #........######
#.## ###...#......>...


You could see 2 orcs.

Vanquished Creatures
  A scorpion (D:4)
  2 orc priests (D:4)
  An iguana (D:3)
  A gnoll (D:1)
  5 adders
  2 worms
  3 dart slugs
  5 orcs
  8 bats
  9 endoplasms
  4 giant cockroaches
  13 hobgoblins
  8 jackals
  5 quokkas
  3 ball pythons (D:3)
  3 frilled lizards (D:1)
  7 goblins
  5 kobolds
  7 rats
92 creatures vanquished.

Vanquished Creatures (others)
  373 foxfires
373 creatures vanquished.

Grand Total: 465 creatures vanquished

Notes
Turn   | Place    | Note
-------+----------+-------------------------------------------
     0 | D:1      | Maffolandro the Human Wanderer began the quest for the Orb.
     0 | D:1      | Maffolandro set off with the following items: a +0 dagger,
                  | a +0 buckler, a potion of berserk rage, a +0 robe, a
                  | condenser vane; and the following spell memorised: Foxfire;
                  | and the following spells available to memorise: Mephitic
                  | Cloud.
     0 | D:1      | Reached XP level 1. HP: 15/15 MP: 2/2
   151 | D:1      | Reached XP level 2. HP: 21/21 MP: 0/4
   642 | D:1      | Reached XP level 3. HP: 26/26 MP: 2/6
   646 | D:1      | Learned a level 3 spell: Mephitic Cloud
  1170 | D:1      | Found Plog's Weapon Shoppe.
  1569 | D:1      | Reached XP level 4. HP: 32/32 MP: 2/7
  2164 | D:2      | Found a stormy altar of Qazlal.
  2885 | D:3      | Reached XP level 5. HP: 37/37 MP: 3/8
  4269 | D:4      | Reached XP level 6. HP: 11/44 MP: 0/9
  4518 | D:4      | Found an ornate altar of the Wu Jian Council.
  4908 | D:4      | Reached skill level 5 in Conjurations
  4919 | D:4      | HP: 2/44 [orc/+0 whip (4)]
  4919 | D:4      | Slain by an orc

Illustrated notes

Levels and vault maps discovered:
D:1:      dpeg_arrival_simpleton_c, layout_basic, serial_shops, shop_fountains,
          bh_walls_and_bars
D:2:      layout_basic, basic_altar
D:3:      layout_rooms, minmay_diced_spiral
D:4:      layout_loops_cross, marbit_many_paths, uniq_ijyb

Skill      XL: |  1  2  3  4  5  6 |
---------------+-------------------+-----
Spellcasting   | 2 |  2.6
Conjurations   | 2 3 4 5 |  5.0
Fighting       | 2 |  2.1
Shields        | |  2.0
Evocations     | |  5.0

Action                     |  1- 3 |  4- 6 || total
---------------------------+-------+-------++-------
  Melee: Dagger            |    33 |    10 ||    43
         Rapier            |       |    18 ||    18
         Quarterstaff      |       |     2 ||     2
   Cast: Foxfire           |    64 |   151 ||   215
  Evoke: Condenser vane    |       |     1 ||     1
   Stab: Sleeping          |       |     1 ||     1
 Armour: Robe              |    10 |    15 ||    25
  Dodge: Dodged            |    16 |    34 ||    50
  Block: Buckler           |    18 |     8 ||    26
         Reflection        |     1 |       ||     1
         Other             |       |     5 ||     5
